Construct Infanterie Kompanie
Infanterie Officer Quarters
Construct Luftwaffe Kompanie
Selects Mechanized Battlegroup
Flak 30 Anti-aircraft Gun Team
Flak 30 Anti-aircraft Gun Team
Selects 8 Rad Armored Car
Luftwaffe Officer Quarters
Construct Panzergrenadier Kompanie
Selects Wespe Self-propelled Artillery
Wespe Self-propelled Artillery
Flak 30 Anti-aircraft Gun Team
Construct Panzer Kompanie
Selects Zeroing Artillery Barrage
Selects UNKNOWN (2160084)
Pak 40 Anti-tank Gun Team
Zeroing Artillery Barrage
Zeroing Artillery Barrage